 Dungeon Crawl Stone Soup version 0.30.0-5-g1a98f26d00 (webtiles) character file.

Game seed: 12274073725512238485

39 math4jedi the Chopper (level 3, -7/31 HPs)
             Began as a Minotaur Berserker on May 8, 2023.
             Was a Believer of Trog.
             Mangled by an iguana (11 damage)
             ... on level 2 of the Dungeon.
             The game lasted 00:02:43 (835 turns).

math4jedi the Chopper (Minotaur Berserker)           Turns: 835, Time: 00:02:44

Health: -7/31      AC:  3    Str: 23    XL:     3   Next: 28%
Magic:  2/2        EV: 12    Int:  4    God:    Trog [**....]
Gold:   36         SH:  0    Dex:  9    Spells: 2/2 levels left

rFire   . . .        a - +0 hand axe
rCold   . . .        (no shield)
rNeg    . . .        b - +0 animal skin
rPois   .            (helmet restricted)
rElec   .            f - scarf {+Inv}
rCorr   .            (no gloves)
SInv    .            l - +0 pair of boots
Will    ++...        (no amulet)
Stlth   +            (no ring)
HPRegen 1.25/turn    (no ring)
MPRegen 0.08/turn

%: no passive effects
@: strong-willed (expiring), regenerating (expiring)
A: horns 2, retaliatory headbutt
a: Renounce Religion, Evoke Invisibility, Berserk, Trog's Hand


You were on level 2 of the Dungeon.
You worshipped Trog.
Trog was pleased with you.
You visited 1 branch of the dungeon, and saw 2 of its levels.

You collected 36 gold pieces.

Inventory:

Hand Weapons
 a - a +0 hand axe (weapon)
Missiles
 i - 5 poisoned darts (quivered)
Armour
 b - a +0 animal skin (worn)
 f - a scarf of invisibility (worn)
 l - a +0 pair of boots (worn)
Scrolls
 c - a scroll of identify {unknown}
 d - a scroll of enchant armour {unknown}
 e - a scroll of immolation {unknown}
 j - a scroll of teleportation {unknown}
 m - a scroll of amnesia {unknown}
 n - a scroll of brand weapon {unknown}
Potions
 g - a potion of flight {unknown}
 h - a potion of attraction {unknown}
 k - a potion of brilliance {unknown}


   Skills:
 - Level 3.6 Fighting
 + Level 5.3 Axes
 - Level 2.4 Armour
 - Level 2.1 Dodging


You had 2 spell levels left.
You didn't know any spells.
Your spell library was empty.

Dungeon Overview and Level Annotations

Branches:
Dungeon (2/15)

Altars:

Annotations:
D:2 Natasha


Innate Abilities, Weirdness & Mutations

You have a pair of horns on your head.
You reflexively headbutt those who attack you in melee.


Message History

Natasha, Servant of Life and Death comes into view.
The iguana bites you!
You hit the iguana.
You headbutt the iguana, but do no damage.
The iguana is lightly wounded.
The iguana closely misses you.
Your skin crawls.
You feel strong-willed. The iguana misses you.
You hit the iguana.
The iguana is heavily wounded.
You hit Natasha. The iguana misses you. Natasha barely misses you.
You furiously retaliate!
You headbutt Natasha! You hit Natasha.
Natasha is severely wounded.
You hit the iguana. The iguana barely misses you. Natasha barely misses you.
You barely miss Natasha.
Natasha is severely wounded.
You barely miss the iguana. Natasha claws you but does no damage.
The iguana bites you.
You barely miss Natasha.
Natasha is severely wounded.
You hit the iguana but do no damage.
You feel the effects of Trog's Hand fading.
Natasha mumbles some strange words.
Natasha glows brightly for a moment.
Natasha closely misses you. The iguana bites you.
You completely miss Natasha. You headbutt Natasha, but do no damage.
Natasha is severely wounded.
You hit the iguana. Natasha claws you. The iguana bites you!
* * * LOW HITPOINT WARNING * * *
You hit Natasha.
Natasha is severely wounded.
You closely miss the iguana. The iguana misses you. Natasha claws you.
* * * LOW HITPOINT WARNING * * *
Okay, then.
You closely miss Natasha.
Natasha is severely wounded.
You hit the iguana but do no damage. The iguana bites you!
You die...

##....$....
##..<.#####
###.#.#.###
..........#
###.#.#.#.#
##...##...
##.## ###
###†###.#
#@h.....#
........l.....#
..........###.#
#.######### ..
##


You could see an iguana and Natasha.

Vanquished Creatures
  4 bats
  4 endoplasms
  A giant cockroach (D:1)
  2 goblins (D:1)
  2 hobgoblins (D:2)
  4 kobolds (D:1)
  3 quokkas
  7 ball pythons
  2 frilled lizards
  5 rats (D:1)
34 creatures vanquished.

Notes
Turn   | Place    | Note
-------+----------+-------------------------------------------
     0 | D:1      | math4jedi the Minotaur Berserker began the quest for the
                  | Orb.
     0 | D:1      | Reached XP level 1. HP: 19/19 MP: 0/0
    54 | D:1      | Reached skill level 4 in Axes
    64 | D:1      | Reached XP level 2. HP: 9/26 MP: 1/1
   239 | D:1      | Found a faded altar of an unknown god.
   331 | D:1      | Reached ** piety under Trog
   332 | D:1      | Reached skill level 5 in Axes
   581 | D:1      | Reached XP level 3. HP: 31/31 MP: 2/2
   681 | D:2      | Upgraded the game from 0.30.0-3-ga4e48a9924 to
                  | 0.30.0-5-g1a98f26d00
   825 | D:2      | Noticed Natasha
   835 | D:2      | Mangled by an iguana

Illustrated notes

Levels and vault maps discovered:
D:1:      lightli_arrival_flooded_house, layout_basic,
          shapermc_ecumenical_altar_mp_ritualfount
D:2:      layout_loops_ring, uniq_natasha

Skill      XL: |  1  2 |
---------------+-------+-----
Axes           | 4 5 |  5.3
Fighting       | |  3.6
Armour         | |  2.4
Dodging        | |  2.1

Action                     || total
---------------------------++-------
  Melee: Hand axe          ||    69
         Headbutt          ||     6
 Invoke: Trog's Hand       ||     1
   Stab: Sleeping          ||     1
 Armour: Animal skin       ||    19
  Dodge: Dodged            ||    45
